 Dungeon Crawl Stone Soup version 0.26-a0-649-gf8c6c3aab7 (webtiles) character file.

Game seed: 9058915662041345549

16523 Melum the Brawler (level 12, 0/114 HPs)
             Began as a Troll Monk on Sept 27, 2020.
             Slain by a brown ugly thing (15 damage)
             ... on level 11 of the Dungeon.
             The game lasted 00:55:03 (10341 turns).

Melum the Brawler (Troll Monk)                     Turns: 10341, Time: 00:55:04

Health: 0/114      AC:  6    Str: 34    XL:     12   Next: 10%
Magic:  11/11      EV: 10    Int:  6    God:
Gold:   676        SH: 17    Dex: 19    Spells: 11/11 levels left

rFire    . . .     SeeInvis .     - Unarmed
rCold    + . .     Faith    .   Z - +0 tower shield {rC+}
rNeg     . . .     Spirit   .   W - +2 robe {MR+}
rPois    +         Reflect  .   N - +1 hat of Revvy {Str+5}
rElec    .         Harm     .   J - +0 cloak
rCorr    .         Rampage  .   (gloves unavailable)
MR       ++...                  (boots unavailable)
Stlth    ++........             a - amulet of magic regeneration
HPRegen  0.69/turn              E - ring of Ashenzari's Favour {+Fly MR+ Dex+7}
MPRegen  0.37/turn              X - ring of Noroump {rPois Str+3 Slay+2}

@: about to teleport, corroded, lightly drained
A: large, unfitting armour, claws 3, regeneration 1, shaggy fur 1, tough skin 3
a: Evoke Flight


You were on level 11 of the Dungeon.
You visited 2 branches of the dungeon, and saw 12 of its levels.
You also visited: Ossuary and Gauntlet.

You collected 676 gold pieces.

Inventory:

Missiles
 f - 56 poisoned darts
 y - a throwing net
 A - 7 large rocks
 K - 9 boomerangs
 S - 9 silver javelins (quivered)
Armour
 J - a +0 cloak (worn)
 M - a +1 robe of cold resistance
 N - the +1 hat of Revvy (worn) {Str+5}
   (You found it in a Gauntlet)

   It affects your strength (+5).
 T - a +1 tower shield of fire resistance
 W - a +2 robe of magic resistance (worn)
 Z - a +0 tower shield of cold resistance (worn)
Magical Staves
 U - a cursed staff of death
Jewellery
 a - an amulet of magic regeneration (around neck)
 m - an uncursed amulet of reflection
 n - a +6 ring of dexterity
 E - the ring of Ashenzari's Favour (left claw) {+Fly MR+ Dex+7}
   (You found it on level 7 of the Dungeon)

   [ring of flight]

   It affects your dexterity (+7).
   It affects your resistance to hostile enchantments.
   It lets you fly.
 R - the ring "Wupueth" {Wiz rN+ Int+2}
   (You took it off a minotaur in a Gauntlet)

   [ring of wizardry]

   It improves your spell success rate.
   It affects your intelligence (+2).
   It protects you from negative energy.
 X - the ring of Noroump (right claw) {rPois Str+3 Slay+2}
   (You found it in a Gauntlet)

   [ring of poison resistance]

   It affects your strength (+3).
   It affects your accuracy and damage with ranged weapons and melee attacks
   (+2).
   It protects you from poison.
Wands
 h - a wand of iceblast (14)
 k - a wand of digging (15)
 t - a wand of acid (12)
 x - a wand of flame (23)
 D - a wand of polymorph (13)
 O - a wand of enslavement (10)
Scrolls
 c - 5 scrolls of teleportation
 e - 3 scrolls of magic mapping
 g - 5 scrolls of amnesia {unknown}
 o - 4 scrolls of fog {unknown}
 q - a scroll of fear
 s - 6 scrolls of remove curse
 u - 3 scrolls of enchant armour {unknown}
 w - 2 scrolls of enchant weapon
 B - a scroll of blinking {unknown}
Potions
 b - 4 potions of flight
 d - 3 potions of mutation
 i - 3 potions of magic
 j - a potion of might
 l - 3 potions of haste
 p - 3 potions of cancellation
 r - 2 potions of ambrosia
 v - 9 potions of curing
 z - 3 potions of stabbing
 C - 4 potions of heal wounds
 I - a potion of resistance
 Q - a potion of brilliance
Miscellaneous
 G - a box of beasts (3/3)


   Skills:
 - Level 6.0(5.8) Fighting
 - Level 6.0(5.8) Armour
 - Level 6.0(5.8) Dodging
 - Level 1.0(0.9) Stealth
 + Level 3.9(3.7) Shields
 - Level 15.0(14.8) Unarmed Combat


You had 11 spell levels left.
You didn't know any spells.
Your spell library contained the following spells:

 Spells                   Type           Power        Failure   Level
 Beastly Appendage        Tmut           #.....       99%         1
 Foxfire                  Conj/Fire      #...         99%         1
 Magic Dart               Conj           #...         99%         1
 Blink                    Tloc           N/A          100%        2
 Searing Ray              Conj           #.....       100%        2
 Wereblood                Tmut           #.......     100%        2
 Conjure Flame            Conj/Fire      #.......     100%        3
 Dazzling Flash           Conj/Hex       #.....       100%        3
 Gell's Gravitas          Tloc           #.........   100%        3
 Inner Flame              Hex/Fire       #.......     100%        3
 Portal Projectile        Hex/Tloc       #.....       100%        3
 Spider Form              Tmut/Pois      #.........   100%        3
 Fulminant Prism          Conj/Hex       #.........   100%        4
 Ice Form                 Ice/Tmut       #.......     100%        4
 Iskenderun's Mystic Bla  Conj/Tloc      #.......     100%        4
 Sticky Flame             Conj/Fire      #.......     100%        4
 Agony                    Necr           #.......     100%        5
 Blade Hands              Tmut           #.........   100%        5
 Fireball                 Conj/Fire      #.........   100%        5
 Summon Demon             Summ           #.........   100%        5
 Summon Forest            Summ/Tloc      #.........   100%        5
 Summon Mana Viper        Hex/Summ       #.......     100%        5
 Dispersal                Tloc           #.........   100%        6
 Shadow Creatures         Summ           N/A          100%        6
 Summon Hydra             Summ           #.........   100%        7


Dungeon Overview and Level Annotations

Branches:
Dungeon (11/15)            Temple (1/1) D:4             Orc (0/2) D:9
Ossuary (visited)         Gauntlet (visited)
   Lair: D:8-11

Altars:
Ashenzari
Cheibriados
Dithmenos
Elyvilon
Fedhas
Gozag
Hepliaklqana
Kikubaaqudgha
Makhleb
Nemelex Xobeh
Okawaru
Qazlal
Ru
Sif Muna
Trog
Uskayaw
Vehumet
Wu Jian
Xom
Yredelemnul
Zin
The Shining One
Beogh

Shops:
D:4 [:


Innate Abilities, Weirdness & Mutations

You are too large for most types of armour.
You have claws for hands.
Your natural rate of healing is unusually fast.
You are covered in fur. (AC +1)
You have extremely tough skin. (AC +3)


Message History

Press: ? - help, Shift-Dir - straight line, f/p - kobold demonologist
Aim: a kobold demonologist, wielding a +0 dagger and wearing a +0 robe (almost dead)
You throw a silver javelin.
The silver javelin pierces through the brown ugly thing!
The silver sears the brown ugly thing!
The brown ugly thing is heavily wounded.
The silver javelin pierces through the kobold demonologist!
You kill the kobold demonologist!
The chaos spawn degenerates into a cloud of primal chaos!
The ice devil disappears in a puff of smoke!
The white imp disappears in a puff of smoke! x2
The iron imp disappears in a puff of smoke!
The sixfirhy disappears in a puff of smoke!
The brown ugly thing stings you!
* * * LOW HITPOINT WARNING * * *
You are splashed with acid!
* * * LOW HITPOINT WARNING * * *
A wyvern comes into view.
The brown ugly thing stings you!
You die...

.# #.##.# .# .# #.##.# .# .#
#.##.# .# .# #.##.#
.#############.######.##.##
...........<..............######
..##.####.###.#######...........
..##.# #........§§§####..#...#.
..##.# ###....§@u<§...(..# >..
..##.######.#.#####l#####.# #
..#............. .#
..#..##........... .#
..#.........#.##.## ##
#...#...###.# .# .........##.# .
#+#.........# # .... .


You could see a brown ugly thing and a wyvern (wandering).

Vanquished Creatures
  A minotaur (Gauntlet)
  A ghost crab (Gauntlet)
  3 two-headed ogres
  A wizard (Gauntlet)
  2 ugly things (D:11)
  2 cyclopes (D:11)
  An elephant (D:10)
  Psyche (D:8)
  2 kobold demonologists (D:11)
  3 trolls
  A hornet (D:10)
  6 small abominations (Gauntlet)
  Grinder (D:6)
  A large abomination (Gauntlet)
  2 wyverns
  Sigmund (D:6)
  A wraith (D:9)
  3 yaks (D:9)
  A steam dragon (D:10)
  Menkaure (D:4)
  A basilisk (D:10)
  A chaos spawn (D:9)
  A water moccasin (D:7)
  3 sky beasts
  7 orc warriors
  2 black bears
  2 necrophages
  2 ice beasts
  An eye of draining (D:7)
  4 ogres
  8 centaurs
  2 crocodiles
  A big kobold (D:5)
  4 bullfrogs
  A gnoll sergeant (D:10)
  A wyvern zombie (Ossuary)
  3 scorpions
  A water moccasin zombie (D:6)
  9 wights
  3 howler monkeys (D:6)
  A quasit (D:5)
  6 hounds
  2 centaur zombies
  2 bullfrog zombies
  4 jellies
  5 orc wizards
  2 centaur skeletons
  A gnoll shaman (D:6)
  4 human zombies (D:9)
  6 orc priests
  2 bullfrog skeletons
  2 human skeletons (D:9)
  6 iguanas
  7 worker ants
  4 hound skeletons
  23 mummies
  A howler monkey zombie (Ossuary)
  5 worker ant zombies
  9 gnolls
  A howler monkey skeleton (D:9)
  15 adders
  2 shadow imps
  7 white imps
  An ufetubus (D:7)
  3 oozes (D:2)
  6 adder zombies
  4 worms
  2 dart slugs (D:2)
  8 leopard geckos
  44 orcs
  4 bats
  5 giant cockroaches
  14 goblins
  16 hobgoblins
  7 jackals
  7 quokkas
  3 ball pythons
  3 frilled lizards
  A jackal skeleton (D:5)
  26 kobolds
  An orc zombie (D:9)
  4 quokka zombies
  6 rats
374 creatures vanquished.

Vanquished Creatures (others)
  A chaos spawn (D:9)
  2 orc wizards
  A fungus (D:10)
  16 plants (D:5)
  4 withered plants (Ossuary)
24 creatures vanquished.

Grand Total: 398 creatures vanquished

Notes
Turn   | Place    | Note
-------+----------+-------------------------------------------
     0 | D:1      | Melum the Troll Monk began the quest for the Orb.
     0 | D:1      | Reached XP level 1. HP: 22/22 MP: 0/0
    63 | D:1      | Reached XP level 2. HP: 29/29 MP: 1/1
   404 | D:1      | Reached skill level 4 in Unarmed Combat
   420 | D:1      | Reached XP level 3. HP: 36/36 MP: 2/2
   884 | D:2      | Reached XP level 4. HP: 38/44 MP: 3/3
   933 | D:2      | Reached skill level 5 in Unarmed Combat
  1555 | D:2      | Found a sparkling altar of Nemelex Xobeh.
  1646 | D:3      | Reached XP level 5. HP: 48/50 MP: 4/4
  1654 | D:3      | Reached skill level 6 in Unarmed Combat
  1730 | D:3      | Found a hide-covered altar of Uskayaw.
  1741 | D:3      | Found a bloodstained altar of Trog.
  1911 | D:3      | Found a glowing silver altar of Zin.
  1912 | D:3      | Found an opulent altar of Gozag.
  1972 | D:3      | Found a white marble altar of Elyvilon.
  2100 | D:3      | Found a shimmering blue altar of Sif Muna.
  2124 | D:3      | Reached XP level 6. HP: 49/59 MP: 5/5
  2435 | D:4      | Reached skill level 7 in Unarmed Combat
  2511 | D:4      | Noticed Menkaure
  2552 | D:4      | Found Zaephia's Antique Armour Boutique.
  2555 | D:4      | Found Koenuqibe's Book Emporium.
  2639 | D:4      | Killed Menkaure
  2653 | D:4      | Found a sand-covered staircase.
  2664 | D:4      | Found a broken altar of Ashenzari.
  2692 | Ossuary  | Entered an ossuary
  2700 | Ossuary  | Reached skill level 8 in Unarmed Combat
  2700 | Ossuary  | Reached XP level 7. HP: 66/66 MP: 6/6
  2849 | Ossuary  | Reached skill level 9 in Unarmed Combat
  3140 | D:4      | Reached XP level 8. HP: 43/74 MP: 7/7
  3153 | D:4      | Found a staircase to the Ecumenical Temple.
  3427 | Temple   | Entered the Ecumenical Temple
  3654 | D:5      | Entered Level 5 of the Dungeon
  3676 | D:5      | Reached skill level 10 in Unarmed Combat
  4538 | D:5      | Found a snail-covered altar of Cheibriados.
  4692 | D:5      | Reached skill level 11 in Unarmed Combat
  4726 | D:5      | Found an iron altar of Okawaru.
  4726 | D:5      | Found a glowing golden altar of the Shining One.
  4902 | D:6      | Noticed Grinder
  4909 | D:6      | Killed Grinder
  4979 | D:6      | Reached XP level 9. HP: 80/80 MP: 8/8
  5060 | D:6      | Reached skill level 12 in Unarmed Combat
  5092 | D:6      | Found a burning altar of Makhleb.
  5177 | D:6      | Noticed Sigmund
  5184 | D:6      | Killed Sigmund
  5726 | D:7      | Reached skill level 13 in Unarmed Combat
  6081 | D:7      | Reached skill level 14 in Unarmed Combat
  6083 | D:7      | Reached XP level 10. HP: 55/88 MP: 0/9
  6168 | D:7      | Got a shimmering wooden ring
  6485 | D:7      | Identified the ring of Ashenzari's Favour {+Fly MR+ Dex+7}
                  | (You found it on level 7 of the Dungeon)
  6544 | D:8      | Noticed a two-headed ogre
  6546 | D:8      | Noticed a two-headed ogre
  6550 | D:8      | Killed a two-headed ogre
  6556 | D:8      | Killed a two-headed ogre
  6556 | D:8      | Reached skill level 15 in Unarmed Combat
  6666 | D:8      | Found a blossoming altar of Fedhas.
  6845 | D:8      | Noticed Psyche
  6932 | D:8      | Killed Psyche
  7234 | D:9      | Found a staircase to the Orcish Mines.
  7235 | D:9      | Found a roughly hewn altar of Beogh.
  7285 | D:9      | Noticed a two-headed ogre
  7294 | D:9      | Killed a two-headed ogre
  7294 | D:9      | Reached skill level 5 in Dodging
  7323 | D:9      | Found a sacrificial altar of Ru.
  7432 | D:9      | Reached XP level 11. HP: 51/97 MP: 10/10
  7505 | D:9      | Found the +7 mace of Variability {chain chaos}
  7506 | D:9      | Found a shimmering altar of Xom.
  7563 | D:9      | Found a sparkling altar of Nemelex Xobeh.
  8478 | D:9      | Reached skill level 5 in Fighting
  8507 | D:9      | Found a basalt altar of Yredelemnul.
  8620 | D:10     | Entered Level 10 of the Dungeon
  8731 | D:10     | Reached skill level 1 in Armour
  8992 | D:10     | You fall into a shaft and drop 1 floor!
  9004 | D:11     | Found a gate leading to a gauntlet.
  9023 | Gauntlet | Entered a Gauntlet
  9023 | Gauntlet | Found a transporter.
  9023 | Gauntlet | Found a transporter.
  9023 | Gauntlet | Noticed a wizard
  9042 | Gauntlet | Found a transporter.
  9045 | Gauntlet | Found a transporter.
  9049 | Gauntlet | Found a runed translucent door.
  9049 | Gauntlet | Found a runed translucent door.
  9053 | Gauntlet | Found a transporter.
  9057 | Gauntlet | Found a transporter.
  9064 | Gauntlet | Noticed a ghost crab
  9069 | Gauntlet | Found a transporter.
  9074 | Gauntlet | Found a runed translucent door.
  9081 | Gauntlet | Found a transporter.
  9083 | Gauntlet | Noticed a catoblepas
  9095 | Gauntlet | Found a transporter.
  9099 | Gauntlet | Found a transporter.
  9099 | Gauntlet | Noticed a tengu warrior
  9107 | Gauntlet | Found a transporter.
  9111 | Gauntlet | Found a transporter.
  9159 | Gauntlet | Killed a wizard
  9369 | Gauntlet | Killed a ghost crab
  9369 | Gauntlet | Reached skill level 5 in Armour
  9420 | Gauntlet | Got a masterwork hat
  9432 | Gauntlet | Identified the +1 hat of Revvy {Str+5} (You found it in a
                  | Gauntlet)
  9442 | Gauntlet | Identified the ring "Wupueth" {Wiz rN+ Int+2}
  9442 | Gauntlet | Noticed a minotaur
  9453 | Gauntlet | Killed a minotaur
  9589 | Gauntlet | Got a crystal eveningstar
  9591 | Gauntlet | Identified Giogegh's Tome of Displaced Evil Rites
  9602 | Gauntlet | Got a wavering platinum ring
  9672 | Gauntlet | Identified the +5 eveningstar "Deoppit" {drain, *Slow rF+++
                  | rN++ Dex+4} (You found it in a Gauntlet)
  9674 | Gauntlet | Identified the ring of Noroump {rPois Str+3 Slay+2} (You
                  | found it in a Gauntlet)
  9774 | D:11     | Found an iron altar of Okawaru.
  9776 | D:11     | Found a bloodstained altar of Trog.
  9776 | D:11     | Found a stormy altar of Qazlal.
  9778 | D:11     | Found a shimmering altar of Xom.
  9778 | D:11     | Found an opulent altar of Gozag.
  9778 | D:11     | Found a shimmering blue altar of Sif Muna.
  9924 | D:11     | Noticed a white ugly thing
  9938 | D:11     | Noticed a brown ugly thing
  9980 | D:11     | Killed a white ugly thing
  9980 | D:11     | Reached skill level 1 in Shields
  9986 | D:11     | Killed a white ugly thing
 10088 | D:11     | Reached XP level 12. HP: 109/113 MP: 11/11
 10337 | D:11     | HP: 2/113 [acid (7)]
 10341 | D:11     | Slain by a brown ugly thing

Illustrated notes

Levels and vault maps discovered:
D:1:      mrwooster_arrival_statue_3, layout_basic, chequers_jeans,
          roderic_lattice_a
D:2:      layout_basic, st_stairs_10, nemelex_dance_club_becter
D:3:      layout_loops_ring, grunt_temple_overflow_gold_and_silver,
          nicolae_overflow_crystal_walls, amethyst_overflow_temple_binary,
          led_sif_book, minmay_quantized
D:4:      layout_layer_cave, cheibrodos_ashenzari_chains, temple_hall,
          serial_shops, nicolae_shop_window_shopping, shop, enter_ossuary_1,
          uniq_menkaure
D:5:      kennysheep_kobold_camp, layout_basic, marbit_many_paths,
          gammafunk_temple_overflow_wave
D:6:      layout_loops_ring, makhleb_blood_cavern_becter, uniq_sigmund,
          uniq_grinder
D:7:      minmay_the_grid_triangle_9x9_recursive_2
          [minmay_the_grid_triangle_9x9_prize_top_heavy,
          minmay_the_grid_triangle_9x9_steps,
          minmay_the_grid_triangle_9x9_wacky_v,
          minmay_the_grid_triangle_9x9_thin_v], layout_basic, dk_vineyard_2,
          minmay_chambers_of_fives
D:8:      layout_rooms, fedhas_altar_4, uniq_psyche
D:9:      layout_stronghold, lemuel_mausoleum_altar_yredelemnul,
          old_standard_altar, david_orc_5, basic_altar,
          minmay_guarded_unrand_variability
D:10:     layout_big_octagon, david_lair_generic
D:11:     layout_loops_ring, serial_shops, nicolae_shop_behind_doors,
          gauntlet_entry_generic, doesnt_xom_only_xom, uniq_fannar
Temple:   jpeg_temple_island

Skill      XL: |  1  2  3  4  5  6  7  8  9 10 11 12 |
---------------+-------------------------------------+-----
Unarmed Combat | 4 5 6 8 9 11 14 15 | 15.0
Dodging        | 6 |  6.0
Fighting       | 3 6 |  6.0
Armour         | 6 |  6.0
Shields        | 2 3 |  3.9
Stealth        | |  1.0

Action                   |  1- 3 |  4- 6 |  7- 9 | 10-12 || total
-------------------------+-------+-------+-------+-------++-------
Melee: Unarmed           |    84 |   130 |   337 |   404 ||   955
       Punch             |     1 |     5 |    13 |    41 ||    60
Throw: Dart              |       |     7 |       |    17 ||    24
       Boomerang         |       |       |       |     5 ||     5
       Javelin           |       |       |       |    15 ||    15
Evoke: Box of beasts     |       |       |       |     1 ||     1
       Wand              |       |       |       |     1 ||     1
  Use: Scroll            |       |     5 |     8 |    13 ||    26
       Potion            |       |       |       |     4 ||     4
 Stab: Sleeping          |     1 |     4 |     5 |    12 ||    22
       Distracted        |       |     1 |       |       ||     1
       Invisible         |       |       |       |     2 ||     2
Armor: Robe              |    47 |    43 |    84 |    92 ||   266
Dodge: Dodged            |    47 |    51 |   141 |   174 ||   413
Block: Tower shield      |       |       |       |    51 ||    51

Table legend: (Time is in decaauts)
 A = Elapsed time spent in this place.
 B = Non-inter-level travel time spent in this place.
 C = Inter-level travel time spent in this place.
 D = Time resting spent in this place.
 E = Time spent auto-exploring this place.
 F = Levels seen in this place.
 G = Mean time per level.
                   A        B        C        D        E       F      G
               +--------+--------+--------+--------+--------+-----+--------+
         Total |  10191 |   9698 |    493 |    729 |   6491 |  14 |  727.9 |
       Dungeon |   8975 |   8496 |    479 |    506 |   5949 |  11 |  815.9 |
        Temple |    236 |    222 |     14 |      0 |    221 |   1 |  236.0 |
       Ossuary |    358 |    358 |      0 |      0 |    181 |   1 |  358.0 |
      Gauntlet |    621 |    621 |      0 |    223 |    140 |   1 |  621.0 |
               +--------+--------+--------+--------+--------+-----+--------+

Top non-repeatable levels by time:
     D:9: 1465 daAuts
     D:5: 1107 daAuts
     D:7: 903 daAuts
     D:1: 814 daAuts
     D:2: 805 daAuts
     D:4: 795 daAuts
     D:3: 787 daAuts
    D:11: 674 daAuts
     D:6: 668 daAuts
Gauntlet: 621 daAuts
     D:8: 592 daAuts
    D:10: 359 daAuts
 Ossuary: 358 daAuts
  Temple: 236 daAuts
